Map: Turbo Cruise '84 LE

Players

Sgtmajorlee - Winner!

  • Race: Zerg Zerg
  • League: Gold
  • Spawn Location: 3:00

Mesrob

  • Race: Terran Terran
  • League: Platinum
  • Spawn Location: 7:00

VOD

Have the link to the VOD?

Description

Time

  • Played on: July 11, 2019, 9:45 p.m.
  • Length: 4:12
Show
View Real Time Build Order
Export as new Build Order

Sgtmajorlee Zerg - Winner!

Build Orders: Hatch First 

Get SALT Encoding   

  12  0:02  Drone  
  13  0:08  Drone  
  14  0:37  Hatchery  
  14  0:42  Extractor  
  12  1:02  Spawning Pool  
  11  1:05  Drone  
  11  1:06  Drone  
  13  1:21  Drone  
  13  1:28  Overlord  
  13  1:39  Drone  
  14  1:48  Queen  
  16  1:57  Metabolic Boost  
  16  2:02  Drone  
  17  2:09  Drone  
  17  2:12  Drone  
  19  2:24  Queen  
  21  2:33  Drone  
  21  2:34  Drone x2  
  24  2:37  Drone  
  25  2:44  Overlord  
  25  3:02  Drone  
  25  3:05  Zergling x10  
  31  3:06  Zergling x2  
  32  3:27  Drone x3  
  34  3:29  Overlord  
  34  3:30  Overlord  
  34  3:52  Drone x4  
  34  3:53  Drone x5  
Show
View Real Time Build Order
Export as new Build Order

Mesrob Terran 

Build Orders: Reaper Expand 

Get SALT Encoding   

  12  0:00  SCV  
  13  0:12  SCV  
  14  0:17  Supply Depot  
  14  0:25  SCV  
  15  0:39  SCV  
  15  0:40  Barracks  
  16  0:47  Refinery  
  16  0:51  SCV  
  17  1:03  SCV  
  17  1:21  SCV  
  18  1:34  Orbital Command  
  18  1:44  Command Center  
  18  1:48  Reaper  
  19  2:01  SCV  
  20  2:13  SCV  
  21  2:19  Factory  
  21  2:28  SCV  
  22  2:39  Refinery  
  22  2:42  Barracks Tech Lab  
  23  2:44  SCV  
  23  2:48  Supply Depot  
  23  2:56  SCV  
  24  3:11  Orbital Command  
  24  3:12  Bunker  
  24  3:13  SCV  
  25  3:23  Cyclone  
  28  3:36  SCV  
  28  3:38  SCV  
  29  3:43  Supply Depot  
Tags
 
Add a new tag
Caveats
  • Supply blocks, unpowered buildings, or Contaminate may cause inaccurate times.
  • Supply counts are checked every 10 seconds.